 Dungeon Crawl Stone Soup version 0.30.1-11-g7821555f0a (webtiles) character file.

Game seed: 5005385542995271199

23205 booth the Cleaver (level 12, -7/85 HPs)
             Began as a Demonspawn Gladiator on Nov 16, 2023.
             Was an Elder of Hepliaklqana.
             Collided with a boulder beetle (24 damage)
             ... caused by a rakshasa (illusionary)
             ... on level 13 of the Dungeon on Nov 19, 2023.
             The game lasted 01:43:16 (14077 turns).

booth the Cleaver (Demonspawn Gladiator)           Turns: 14077, Time: 01:43:17

Health: -7/85      AC: 21    Str: 22    XL:     12   Next: 69%
Magic:  2/12       EV: 10    Int: 13    God:    Hepliaklqana [****..]
Gold:   722        SH: 12    Dex: 14    Spells: 11/11 levels left

rFire   + . .        r - +2 war axe (freeze)
rCold   + + +        D - +1 kite shield {rC+}
rNeg    + . .        C - +1 chain mail {rC+}
rPois   .            c - +1 helmet
rElec   .            F - scarf "Ipifaxzo" {rC+ rF+, Int+3 Stlth+}
rCorr   .            s - +3 Mad Mage's Maulers {Infuse+∞ VampMP -Cast}
SInv    .            d - +2 pair of boots "Oti Xacy" {-Cast rN+ Will+++ Regen+}
Will    ++++.        h - amulet of the acrobat Stlth
                     N - ring of willpower
HPRegen 1.14/turn    (no ring)
MPRegen 0.13/turn

%: no spellcasting, acrobat, infuse magic (2 MP)
@: no status effects
A: reduced essence, claws 1, slimy green scales 2, condensation shield, demonic
magic 2, hooves 1, strong 1
a: Renounce Religion, Recall Ancestor, Ancestor Identity, Transference, Idealise


You were on level 13 of the Dungeon.
You worshipped Hepliaklqana.
Hepliaklqana was greatly pleased with you.
You visited 2 branches of the dungeon, and saw 14 of its levels.
You also visited: Sewer and Bailey.

You collected 882 gold pieces.
You spent 160 gold pieces at shops.

Inventory:

Hand Weapons
 k - a +0 mace of chaos
 l - the +9 mace of Pyromania {heavy, Fragile Will+ rCorr Str+3}
   (You found it on level 2 of the Dungeon)

   Str:       It affects your strength (+3).
   rCorr:     It protects you from acid and corrosion.
   Fragile:   It will be destroyed if unequipped.
   Will:      It increases your willpower.
 r - a +2 war axe of freezing (weapon)
Missiles
 q - 13 boomerangs (quivered)
 u - a curare-tipped dart
 B - 42 poisoned darts
 E - 3 throwing nets
 I - 3 javelins
 K - 4 silver javelins
Armour
 c - a +1 helmet (worn)
 d - the +2 pair of boots "Oti Xacy" (worn) {-Cast rN+ Will+++ Regen+}
   (You found it on level 6 of the Dungeon)

   rN:        It protects you from negative energy.
   -Cast:     It prevents spellcasting.
   Regen:     It increases your rate of health regeneration.
   Will:      It greatly increases your willpower.
 e - the +0 ring mail "Xouluu Reape" {rF++ Dex+2 Stlth-}
   (You took it off a gnoll on level 3 of the Dungeon)

   Dex:       It affects your dexterity (+2).
   rF:        It greatly protects you from fire.
   Stlth:     It makes you less stealthy.
 f - a +2 cloak
 o - a +0 ring mail
 s - the +3 Mad Mage's Maulers (worn) {Infuse+∞ VampMP -Cast}
   (You acquired it on level 9 of the Dungeon)

   Infuse+∞: It empowers its wearer's blows with all of their magic.
   VampMP:    Blows struck in melee replenish the wearer's magic.
   -Cast:     It prevents spellcasting.
 C - a +1 chain mail of cold resistance (worn)
 D - a +1 kite shield of cold resistance (worn)
 F - the scarf "Ipifaxzo" (worn) {rC+ rF+, Int+3 Stlth+}
   (You found it in a bailey)

   Int:       It affects your intelligence (+3).
   Stlth:     It makes you more stealthy.
Jewellery
 a - a ring of ice
 h - an amulet of the acrobat (around neck)
 N - a ring of willpower (left hand)
Wands
 t - a wand of mindburst (16)
 w - a wand of flame (27)
 y - a wand of roots (1)
Scrolls
 m - 2 scrolls of magic mapping
 n - 3 scrolls of torment
 z - 2 scrolls of vulnerability
 L - 5 scrolls of identify
 M - 2 scrolls of fog
Potions
 b - 2 potions of heal wounds
 g - a potion of haste
 i - 2 potions of brilliance
 j - 3 potions of invisibility
 p - 5 potions of curing
 v - 4 potions of mutation
 x - 4 potions of flight
 A - 3 potions of ambrosia
 G - a potion of might
 H - a potion of attraction
 J - a potion of resistance


   Skills:
 + Level 9.1 Fighting
 + Level 11.8(12.8) Axes
 + Level 8.1(11.0) Maces & Flails
 + Level 8.3 Throwing
 + Level 0.8 Armour
 + Level 8.6 Dodging


You had 11 spell levels left.
You didn't know any spells.
Your spell library contained the following spells:

 Spells                   Type           Power      Damage    Failure   Level
 Apportation              Tloc           0%         N/A       99%         1
 Freeze                   Ice            0%         1d3       99%         1
 Necrotise                Necr           0%         1d4       99%         1
 Sandblast                Erth           0%         2d4       99%         1
 Summon Small Mammal      Summ           0%         N/A       99%         1
 Passwall                 Tmut/Erth      0%         N/A       100%        2
 Scorch                   Fire           0%         2d5       100%        2
 Static Discharge         Conj/Air       0%         2-2/arc   100%        2
 Call Canine Familiar     Summ           0%         N/A       100%        3
 Dazzling Flash           Conj/Hex       0%         N/A       100%        3
 Frozen Ramparts          Ice            0%         1d1       100%        3
 Stone Arrow              Conj/Erth      0%         3d7       100%        3
 Summon Guardian Golem    Hex/Summ       0%         N/A       100%        3
 Vhi's Electric Charge    Tloc/Air       0%         N/A       100%        3
 Volatile Blastmotes      Fire/Tloc      0%         2d10      100%        3
 Airstrike                Air            0%         2d(0-16)  100%        4
 Flame Wave               Conj/Fire      0%         2d4       100%        4
 Fulminant Prism          Conj/Hex       0%         3d5       100%        4
 Ice Form                 Ice/Tmut       0%         N/A       100%        4
 Iskenderun's Mystic Bla  Conj/Tloc      0%         2d3       100%        4
 Summon Ice Beast         Ice/Summ       0%         N/A       100%        4
 Summon Lightning Spire   Summ/Air       0%         N/A       100%        4
 Arcjolt                  Conj/Air       0%         1d10      100%        5
 Fireball                 Conj/Fire      0%         3d3       100%        5
 Iskenderun's Battlesphe  Conj           0%         2d6       100%        5
 Lee's Rapid Deconstruct  Erth           0%         3d4*      100%        5
 Summon Mana Viper        Hex/Summ       0%         N/A       100%        5
 Conjure Ball Lightning   Conj/Air       0%         3x3d6     100%        6
 Summon Cactus Giant      Summ           0%         N/A       100%        6
 Orb of Destruction       Conj           0%         9d5       100%        7
 Maxwell's Capacitive Co  Air            0%         ∞         100%        8
 Chain Lightning          Conj/Air       0%         N/A       100%        9


Dungeon Overview and Level Annotations

Branches:
Dungeon (13/15)            Temple (1/1) D:5            Lair (0/5) D:11
    Orc (0/2) D:12          Sewer (visited)          Bailey (visited)
 Vaults: D:13-14

Altars:
Ashenzari
Cheibriados
Dithmenos
Fedhas
Gozag
Hepliaklqana
Kikubaaqudgha
Makhleb
Nemelex Xobeh
Okawaru
Qazlal
Ru
Sif Muna
Trog
Uskayaw
Vehumet
Wu Jian
Xom
Yredelemnul

Shops:
D:3 [   D:4 ((!*   D:6 !   D:8 *

Annotations:
D:12 3 runed translucent doors, zzzz's ghost, journeyman HOFi


Innate Abilities, Weirdness & Mutations

Your life essence is reduced to manifest your ancestor. (-10% HP)
You have sharp fingernails.
You are mostly covered in slimy green scales. (AC +3)
A meltable shield of frost defends you. (SH +4)
Spells you cast may paralyse nearby enemies.
You have large cloven feet.
Your muscles are strong. (Str +4, Int/Dex -1)


Message History

The boulder beetle seems to slow down.
You block the boulder beetle's attack.
The boulder beetle bites itself but does no damage.
You hit the boulder beetle but do no damage.
The boulder beetle is lightly wounded.
The rakshasa closely misses Khalidah.
You hit the boulder beetle but do no damage.
The boulder beetle is lightly wounded.
The rakshasa hits Khalidah but does no damage.
Khalidah casts a spell at the boulder beetle.
The boulder beetle seems to slow down.
You hit the boulder beetle but do no damage.
The boulder beetle is lightly wounded.
The rakshasa hits Khalidah with a +0 whip!!
Khalidah is destroyed!
The boulder beetle bites itself but does no damage.
You hit the boulder beetle but do no damage.
The boulder beetle is lightly wounded.
You closely miss the rakshasa.
The rakshasa blinks!
The rakshasa hits you with a +0 whip.
The rakshasa weaves an illusion.
The boulder beetle shimmers and seems to become two!
You slash the boulder beetle! You freeze the boulder beetle.
The boulder beetle is moderately wounded.
You slash the rakshasa! You freeze the rakshasa.
You kill the rakshasa!
The rakshasa shimmers and vanishes!
The boulder beetle bites you but does no damage.
The rakshasa barely misses you.
You slash the boulder beetle! You freeze the boulder beetle!
The boulder beetle is heavily wounded.
You miss the rakshasa.
The boulder beetle bites the boulder beetle but does no damage.
The boulder beetle bites the boulder beetle!
The rakshasa gestures at you. The lance of force hits you!
* * * LOW HITPOINT WARNING * * *
You are knocked back by the lance of force.
You collide with the boulder beetle!
The boulder beetle is severely wounded.
You die...

### #..#####
..#####...... .......#
............ ......#
..........# #.....#####
..........# #..........
..........+ #..........
###.......# +..........
#.......#######.........#
#...........BB@RRB.$....#
#.......#################
#########


You could see 3 boulder beetles and 2 rakshasas.

Vanquished Creatures
  A hydra (D:12)
  Harold (D:10)
  A boulder beetle (D:13)
  Urug (D:11)
  4 skeletal warriors (D:11)
  3 ugly things
  2 manticores (D:11)
  A cyclops (D:12)
  A gargoyle (Bailey)
  2 kobold demonologists
  An unseen horror (D:11)
  A komodo dragon (D:11)
  An efreet (D:13)
  4 trolls
  A hornet (D:9)
  A slime creature (D:12)
  2 shadows (D:12)
  2 wraiths (D:12)
  A basilisk (D:12)
  2 wyverns
  12 vampire mosquitoes
  23 yaks
  Menkaure (D:7)
  An acid dragon (D:12)
  Duvessa (D:7)
  A water moccasin (D:7)
  2 orc warriors
  2 sky beasts
  A black bear (D:8)
  4 ice beasts
  An ogre (D:6)
  6 centaurs
  4 kobold brigands
  Blork the orc (D:5)
  3 bullfrogs (D:6)
  2 scorpions
  6 wights
  2 killer bees (D:10)
  Dowan (D:7)
  A howler monkey (D:7)
  7 wolf zombies (Bailey)
  5 vampire bats (Bailey)
  A jelly (D:4)
  5 hounds
  4 orc priests
  A gnoll bouda (D:6)
  2 iguanas (D:6)
  A hexer (D:11)
  10 orc wizards
  A sleepcap (D:6)
  14 gnolls
  3 adders
  5 river rats
  2 white imps
  An ufetubus (D:5)
  A worm (D:5)
  3 dart slugs
  48 orcs
  8 ball pythons
  6 endoplasms
  4 giant cockroaches
  4 goblins
  6 hobgoblins
  8 jackals
  24 kobolds
  4 quokkas
  9 bats
  2 frilled lizards (D:2)
  15 orc zombies (Bailey)
  8 rats
320 creatures vanquished.

Vanquished Creatures (collateral kills)
  Maggie (D:7)
  A kobold demonologist (D:12)
  Prince Ribbit (D:9)
  2 hornets
  A wyvern (D:8)
  A vampire (Bailey)
  2 yaks (D:10)
  3 vampire mosquitoes (D:13)
  4 orc warriors
  A sky beast (D:8)
  A black bear (D:7)
  An ogre (D:9)
  7 wights
  2 killer bees (D:10)
  2 vampire bats (Bailey)
  2 orc priests
  2 orc wizards
  19 orcs
  4 goblins (D:8)
  5 kobolds
  6 orc zombies (Bailey)
68 creatures vanquished.

Vanquished Creatures (others)
  7 hexers
  2 ancestors (D:7)
  An iguana zombie (D:6)
  A kobold zombie (Sewer)
11 creatures vanquished.

Grand Total: 399 creatures vanquished

Notes
Turn   | Place    | Note
-------+----------+-------------------------------------------
     0 | D:1      | booth the Demonspawn Gladiator began the quest for the Orb.
     0 | D:1      | Reached XP level 1. HP: 16/16 MP: 1/1
   225 | D:1      | Gained mutation: You have sharp fingernails. [demonic
                  | ancestry]
   225 | D:1      | Reached XP level 2. HP: 22/22 MP: 2/2
   344 | D:1      | Reached skill level 3 in Axes
   612 | D:1      | Found a faded altar of an unknown god.
   953 | D:2      | Reached XP level 3. HP: 28/28 MP: 3/3
  1062 | D:2      | Identified the +9 mace of Pyromania {heavy, Fragile Will+
                  | rCorr Str+3}
  1561 | D:3      | Noticed a centaur
  1573 | D:3      | Killed a centaur
  1574 | D:3      | Reached skill level 1 in Maces & Flails
  1574 | D:3      | Gained mutation: Spells you cast may paralyse adjacent
                  | enemies. [demonic ancestry]
  1574 | D:3      | Reached XP level 4. HP: 5/34 MP: 4/4
  1720 | D:3      | Identified the +0 ring mail "Xouluu Reape" {rF++ Dex+2
                  | Stlth-}
  1729 | D:3      | Gained mutation: You are partially covered in slimy green
                  | scales. (AC +2) [demonic ancestry]
  1729 | D:3      | Reached XP level 5. HP: 25/40 MP: 5/5
  1874 | D:3      | Found Sete's Armour Shop.
  2268 | D:3      | Found a bloodstained altar of Trog.
  2292 | D:3      | Reached skill level 4 in Axes
  2292 | D:3      | Found a shimmering blue altar of Sif Muna.
  2298 | D:3      | Got Sif Muna's Discourse on Cryomancy
  2337 | D:3      | Gained mutation: You do not regenerate when monsters are
                  | visible. [potion of mutation]
  2364 | D:4      | Found Piuwniyf's Distillery.
  2364 | D:4      | Found Joosimn's Weapon Boutique.
  2364 | D:4      | Found Waopt's Weapon Boutique.
  2849 | D:4      | Reached XP level 6. HP: 37/47 MP: 6/6
  2945 | D:4      | Bought 2 potions of mutation for 160 gold pieces
  2946 | D:4      | Lost mutation: You do not regenerate when monsters are
                  | visible. [potion of mutation]
  2946 | D:4      | Gained mutation: You have hidden genetic potential. [potion
                  | of mutation]
  3021 | D:4      | Found Cemack's Neck Hole.
  3118 | D:4      | Found an ancient bone altar of Kikubaaqudgha.
  3154 | D:4      | Found a shimmering altar of Xom.
  3215 | D:4      | Found an ornate altar of the Wu Jian Council.
  3742 | D:5      | Entered Level 5 of the Dungeon
  3754 | D:5      | Noticed Blork the orc
  3765 | D:5      | Killed Blork the orc
  3873 | D:5      | Found a glowing drain.
  3878 | Sewer    | Entered a sewer
  3897 | Sewer    | Reached XP level 7. HP: 27/52 MP: 7/7
  4036 | Sewer    | Gained mutation: Your muscles are strong. (Str +4, Int/Dex
                  | -1) [hidden potential]
  4290 | D:5      | Reached skill level 5 in Axes
  4691 | D:5      | Found a staircase to the Ecumenical Temple.
  4709 | Temple   | Entered the Ecumenical Temple
  4803 | Temple   | Became a worshipper of Hepliaklqana the Forgotten
  5315 | D:6      | Gained mutation: A meltable shield of frost defends you.
                  | (SH +4) [demonic ancestry]
  5315 | D:6      | Reached XP level 8. HP: 52/61 MP: 8/8
  5325 | D:6      | Gained mutation: You have large cloven feet. [hidden
                  | potential]
  5325 | D:6      | Lost mutation: You have hidden genetic potential. [hidden
                  | potential expressed]
  5412 | D:6      | Reached skill level 6 in Axes
  5848 | D:6      | Reached skill level 5 in Fighting
  5848 | D:6      | Reached skill level 5 in Dodging
  6015 | D:6      | Identified the +2 pair of boots "Oti Xacy" {-Cast rN+
                  | Will+++ Regen+}
  6071 | D:6      | Found Veam's Distillery.
  6307 | D:6      | Gained mutation: You are mostly covered in slimy green
                  | scales. (AC +3) [demonic ancestry]
  6307 | D:6      | Reached XP level 9. HP: 68/68 MP: 9/9
  6362 | D:7      | Reached skill level 7 in Axes
  6617 | D:7      | Noticed Menkaure
  6631 | D:7      | Killed Menkaure
  6729 | D:7      | Reached * piety under Hepliaklqana
  6811 | D:7      | Reached skill level 5 in Throwing
  6885 | D:7      | Noticed Maggie
  6899 | D:7      | Killed Maggie
  7213 | D:7      | Noticed Duvessa
  7213 | D:7      | Noticed Dowan
  7338 | D:7      | Killed Duvessa
  7339 | D:7      | Reached skill level 8 in Axes
  7339 | D:7      | Killed Dowan
  7630 | D:8      | Found Deisont's Demolitions Depot.
  7677 | D:8      | Reached skill level 5 in Maces & Flails
  7686 | D:8      | Found a flagged portal.
  7701 | D:8      | Reached XP level 10. HP: 63/67 MP: 10/10
  7990 | Bailey   | Entered a bailey
  8084 | Bailey   | Noticed a gargoyle
  8092 | Bailey   | Killed a gargoyle
  8313 | Bailey   | Identified the scarf "Ipifaxzo" {rC+ rF+, Int+3 Stlth+}
  8363 | Bailey   | Got the Cyclopedia of the Evil Eye and Ouranomancy
  8368 | Bailey   | Identified the +0 scale mail "Oti Biacs" {Fly rC- rN+++}
  8374 | Bailey   | Identified the +5 scale mail of Joclirgh {rC+ Str-3 Int+2}
  8595 | D:8      | Reached skill level 9 in Axes
  8746 | D:8      | Found a runed translucent door.
  8816 | D:8      | Reached ** piety under Hepliaklqana
  8817 | D:8      | Remembered your ancestor Khalidah as a hexer
  9050 | D:9      | Noticed Prince Ribbit
  9069 | D:9      | Killed Prince Ribbit
  9255 | D:9      | Gained mutation: Spells you cast may paralyse nearby
                  | enemies. [demonic ancestry]
  9255 | D:9      | Reached XP level 11. HP: 75/75 MP: 11/11
  9434 | D:9      | Paralysed by a hornet for 3 turns
  9630 | D:9      | Noticed a cyan ugly thing
  9645 | D:9      | Killed a cyan ugly thing
  9852 | D:9      | Identified a scroll of acquirement
  9854 | D:9      | Acquired the +3 Mad Mage's Maulers {Infuse+∞ VampMP -Cast}
  9854 | D:9      | Found the +3 Mad Mage's Maulers {Infuse+∞ VampMP -Cast}
  9866 | D:10     | Entered Level 10 of the Dungeon
 10166 | D:10     | Reached skill level 10 in Axes
 10316 | D:10     | Noticed Harold
 10331 | D:10     | Killed Harold
 10532 | D:10     | Reached *** piety under Hepliaklqana
 10959 | D:11     | Noticed Urug
 10964 | D:11     | Killed Urug
 11222 | D:11     | Found a staircase to the Lair.
 11277 | D:11     | Noticed a brown ugly thing
 11292 | D:11     | Killed a brown ugly thing
 11693 | D:11     | Noticed a skeletal warrior
 11693 | D:11     | Noticed a skeletal warrior
 11698 | D:11     | Noticed a skeletal warrior
 11701 | D:11     | Killed a skeletal warrior
 11702 | D:11     | Reached skill level 11 in Axes
 11702 | D:11     | Reached XP level 12. HP: 84/84 MP: 2/12
 12711 | D:12     | Found a runed translucent gate.
 12711 | D:12     | Found a runed translucent gate.
 12711 | D:12     | Found a runed translucent gate.
 12725 | D:12     | Noticed zzzz's ghost (journeyman HOFi)
 12877 | D:12     | Noticed a seven-headed hydra
 12903 | D:12     | Killed a seven-headed hydra
 13284 | D:12     | Found a staircase to the Orcish Mines.
 13425 | D:12     | Noticed a minotaur
 13459 | D:12     | Reached **** piety under Hepliaklqana
 13864 | D:13     | Noticed a boulder beetle
 13885 | D:13     | Killed a boulder beetle
 14054 | D:13     | Noticed a boulder beetle
 14055 | D:13     | Noticed a rakshasa
 14077 | D:13     | Collided with a boulder beetle

Illustrated notes

Levels and vault maps discovered:
D:1:      nzn_arrival_depleted_hourglass, layout_rooms,
          dilly_ecumenical_altar_fadedgnrine
D:2:      layout_loops_cross, minmay_cut_off
D:3:      layout_rooms, nzn_overflow_gifts_of_might_and_magic, serial_shops,
          nicolae_diamond_shop, minmay_crystal_room
D:4:      layout_cave_pods, grunt_temple_overflow_open,
          nicolae_shop_distant_corner_stores, chequers_big_river,
          nicolae_shop_sticking_my_neck_out
D:5:      cheibrodos_quashed, layout_basic, minmay_temple_entry_offerings,
          gup_sewer_entry_bowl, chequers_serial_rivers_micro_e,
          uniq_blork_the_orc
D:6:      layout_basic, serial_shops, shop
D:7:      layout_cave_pods, uniq_duvessa, uniq_menkaure, uniq_maggie
D:8:      layout_gridville, enter_bailey_5, nicolae_blasting_shop,
          lightli_church_of_beogh
D:9:      layout_roguey [special_room_orc], hex_intersection,
          uniq_prince_ribbit1
D:10:     layout_irregular_city, uniq_harold
D:11:     layout_loops_ring, lair_entry_dummy, minmay_misc_feat_room,
          minivault_23, uniq_urug
D:12:     layout_basic, david_orc_2, maelrawn_ghost_gauntlet_escape
D:13:     layout_irregular_city, fedhas_bush_and_centaur_altar
Temple:   kb_temple_of_zot

Skill      XL: |  1  2  3  4  5  6  7  8  9 10 11 12 |
---------------+-------------------------------------+-----
Throwing       | 2 3 4 5 6 7 8 |  8.3
Axes           | 3 4 5 6 8 9 11 | 11.8
Dodging        | 3 4 5 6 7 8 |  8.6
Maces & Flails | 1 2 3 4 5 6 7 8 |  8.1
Fighting       | 3 4 5 6 7 8 9 |  9.1
Armour         | |  0.8

Action                     |  1- 3 |  4- 6 |  7- 9 | 10-12 || total
---------------------------+-------+-------+-------+-------++-------
  Melee: War axe           |   129 |   146 |   260 |   503 ||  1038
         Punch             |     2 |     1 |     2 |     3 ||     8
         Kick              |       |       |    23 |       ||    23
         Mace              |       |       |       |    12 ||    12
  Throw: Throwing net      |       |     4 |       |     2 ||     6
         Javelin           |       |     3 |     4 |    37 ||    44
         Boomerang         |       |     3 |    15 |    39 ||    57
         Dart              |       |       |     1 |     4 ||     5
 Invoke: Ancestor Identity |       |       |     1 |       ||     1
         Ancestor Life: He |       |       |       |     1 ||     1
         Transference      |       |       |       |     1 ||     1
  Evoke: Wand              |       |       |       |     1 ||     1
    Use: Scroll            |     7 |     4 |    13 |     9 ||    33
         Potion            |     1 |     3 |     1 |     6 ||    11
   Stab: Paralysed         |       |       |     5 |       ||     5
         Distracted        |       |       |       |     5 ||     5
         Confused          |       |       |       |    11 ||    11
 Armour: Leather armour    |    31 |       |       |       ||    31
         Ring mail         |    19 |    74 |   117 |    44 ||   254
         Chain mail        |       |       |       |   129 ||   129
  Dodge: Dodged            |   140 |   123 |   176 |   255 ||   694
  Block: Other             |       |       |    33 |    32 ||    65
         Kite shield       |       |       |       |   238 ||   238
